 Dungeon Crawl Stone Soup version 0.30-a0-782-ge64f9170bb (webtiles) character file.

Game seed: 6571767212441573123

18972 theswoord the Basher (level 12, -9/122 HPs)
             Began as a Demonspawn Gladiator on Feb 19, 2023.
             Was a High Priest of Jiyva.
             Mangled by Rupert
             ... wielding a +2 great sword of freezing
              (15 damage)
             ... on level 3 of the Lair of Beasts.
             The game lasted 00:17:42 (9080 turns).

theswoord the Basher (Demonspawn Gladiator)         Turns: 9080, Time: 00:17:43

Health: -9/122     AC: 15    Str: 30    XL:     12   Next: 32%
Magic:  12/12      EV: 16    Int:  8    God:    Jiyva [*****.]
Gold:   441        SH:  5    Dex: 18    Spells: 11/11 levels left

rFire   . . .      SeeInvis .    a - +1 flail (vamp)
rCold   . . .      Faith    .    (no shield)
rNeg    + . .      Spirit   .    l - +0 scale mail
rPois   .          Reflect  +    k - +1 hat
rElec   .          Harm     .    (no cloak)
rCorr   +          Rampage  .    (gloves unavailable)
Will    .....                    g - +1 pair of boots
Stlth   +                        u - amulet of Qaikhot {Reflect +Inv rN+ Dex+4 SH+5}
HPRegen 3.84/turn                v - +4 ring of protection
MPRegen 0.58/turn                y - +6 ring of strength

@: about to teleport
A: claws 3, powered by death 1, spiny 2, sturdy frame 3, robust 3, strong 1,
acidic bite
a: Renounce Religion, Evoke Invisibility, Oozemancy, Slimify


You were on level 3 of the Lair of Beasts.
You worshipped Jiyva.
Jiyva was extremely pleased with you.
You visited 2 branches of the dungeon, and saw 11 of its levels.
You also visited: Sewer.

You collected 441 gold pieces.

Inventory:

Hand Weapons
 a - a +1 vampiric flail (weapon)
 h - a +2 whip of venom
Missiles
 d - 6 throwing nets
 e - 3 javelins (quivered)
Armour
 b - a +0 leather armour
 c - a +0 helmet
 g - a +1 pair of boots (worn)
 k - a +1 hat (worn)
 l - a +0 scale mail (worn)
 w - a +1 buckler of poison resistance
 C - a +0 plate armour
Jewellery
 u - the amulet of Qaikhot (around neck) {Reflect +Inv rN+ Dex+4 SH+5}
   (You acquired it on level 5 of the Dungeon)

   [amulet of reflection]

   It reflects blocked missile attacks.
   Dex:       It affects your dexterity (+4).
   rN:        It protects you from negative energy.
   +Inv:      It lets you turn invisible.
   SH:        It affects your SH (+5).
 v - a +4 ring of protection (left claw)
 y - a +6 ring of strength (right claw)
Wands
 z - a wand of iceblast (12)
 A - a wand of paralysis (6)
Scrolls
 m - a scroll of poison
 o - 6 scrolls of vulnerability
 r - 2 scrolls of enchant weapon
 D - 2 scrolls of immolation
Potions
 f - 8 potions of curing
 i - 2 potions of flight
 j - a potion of berserk rage {unknown}
 n - 2 potions of ambrosia
 p - a potion of degeneration
 q - a potion of heal wounds
 t - 2 potions of brilliance
 x - 2 potions of magic {unknown}
 B - a potion of attraction {unknown}


   Skills:
 + Level 8.4 Fighting
 - Level 14.0 Maces & Flails
 - Level 1.7 Throwing
 + Level 7.5 Armour
 + Level 8.0 Dodging


You had 11 spell levels left.
You didn't know any spells.
Your spell library contained the following spells:

 Spells                   Type           Power      Damage    Failure   Level
 Scorch                   Fire           0%         2d5       58%         2
 Static Discharge         Conj/Air       0%         2-2/arc   58%         2
 Mephitic Cloud           Conj/Pois/Air  0%         N/A       82%         3
 Summon Lightning Spire   Summ/Air       0%         N/A       99%         4
 Summon Mana Viper        Hex/Summ       0%         N/A       100%        5
 Orb of Destruction       Conj           0%         9d5       100%        7
 Necromutation            Tmut/Necr      0%         N/A       100%        8


Dungeon Overview and Level Annotations

Branches:
Dungeon (8/15)             Temple (0/1) D:5            Lair (3/5) D:8
 Shoals (0/4) Lair:2        Sewer (visited)
  Snake: Lair:2-3    Spider: Lair:2-3

Altars:
Cheibriados
Dithmenos
Nemelex Xobeh
Trog
Xom

Annotations:
D:4 3 runed translucent doors, Anon1729's ghost, weakling MiMo; caveywoolpert's ghost, amateur DsEE
D:7 1 runed translucent door, Crazy Yiuf
Lair:2 2 transporters, funaii's ghost, journeyman MiBe
Lair:3 Rupert


Innate Abilities, Weirdness & Mutations

You have claws for hands.
You regenerate a little health from kills.
You are mostly covered in sharp spines.
Your movements are significantly less encumbered by armour. (ER -6)
You are extremely robust. (+30% HP)
Your muscles are strong. (Str +4, Int/Dex -1)
You have acidic saliva.


Message History

You sock Rupert!
Rupert hits you with a +2 great sword of freezing!
Rupert freezes you.
You miss the blink frog. The blink frog barely misses you.
Rupert yells loudly at you.
You suddenly lose the ability to move!
The blink frog is struck by your spines.
The blink frog completely misses you.
The blink frog is struck by your spines.
The blink frog hits you but does no damage.
Rupert roars wildly at you.
You struggle to resist.
The blink frog is struck by your spines.
The blink frog hits you. The blink frog completely misses you.
The blink frog blinks!
Rupert roars madly and goes into a rage!
Rupert goes berserk!
The blink frog blinks!
The blink frog hits you! Rupert is struck by your spines.
Rupert hits you with a +2 great sword of freezing!
Rupert freezes you. The blink frog hits you!
The blink frog blinks!
You can move again.
Unknown command.
Unknown command.
Throw: 4 javelins
Aim: Rupert, wielding a +2 great sword of freezing and wearing a +1 chain mail of poison resistance (lightly wounded, berserk, 72% to hit)
You throw a javelin. The javelin barely misses Rupert.
Rupert misses you. Rupert is struck by your spines.
Rupert hits you with a +2 great sword of freezing!!
* * * LOW HITPOINT WARNING * * *
Rupert freezes you!
* * * LOW HITPOINT WARNING * * *
Okay, then.
As you read the scroll of teleportation, it crumbles to dust.
You feel strangely unstable.
Rupert hits you with a +2 great sword of freezing!!!
* * * LOW HITPOINT WARNING * * *
You shudder from the blow and a jelly pops out!
Rupert freezes you!
You die...

# ..... # .... ## .... P#
#.. .# #.. .# #F## ###
#..## ..# ######††.##...
P###########.##F@.†......
.#.##.#P.#...#..@†J......
................F........
.........................
................(.####...
.#...####.##..###.# ...
##..## ####### #..# ..
#...# #.P# ..... .>.


You could see Rupert (berserk, ally target), 3 blink frogs and a friendly azure
jelly (summoned).

Vanquished Creatures
  Gastronok (Lair:1)
  3 hydras (Lair:2)
  Harold (Lair:1)
  10 death yaks
  Pikel (D:5)
  A deep elf pyromancer (D:7)
  Maggie (Lair:1)
  5 cane toads
  A rime drake (Lair:1)
  2 komodo dragons
  A queen bee (Lair:1)
  A polar bear (Lair:2)
  A burning bush (Lair:2)
  2 blink frogs (Lair:3)
  2 hornets (D:8)
  Sigmund (D:3)
  3 yaks (D:8)
  2 wyverns (Lair:2)
  2 basilisks (Lair:2)
  A steam dragon (D:6)
  4 water moccasins
  4 sky beasts
  3 ogres
  2 black bears (D:6)
  6 wolves (Lair:3)
  8 bullfrogs
  A gnoll sergeant (D:7)
  A scorpion (D:5)
  A necrophage (D:6)
  7 wights
  20 killer bees
  2 electric eels
  A howler monkey (D:8)
  3 jellies (Sewer)
  3 orc priests
  2 gnoll boudas
  A hound (D:7)
  Ijyb (D:3)
  9 orc wizards
  11 gnolls
  10 adders
  2 worms
  4 dart slugs
  29 orcs
  9 ball pythons
  14 endoplasms
  8 giant cockroaches
  A gnoll zombie (D:7)
  13 goblins
  7 hobgoblins
  3 jackals (D:4)
  2 quokkas
  7 bats
  13 frilled lizards
  A goblin zombie (D:7)
  A jackal zombie (D:7)
  10 kobolds
  18 rats
  A rat zombie (D:7)
285 creatures vanquished.

Vanquished Creatures (collateral kills)
  A water moccasin (Lair:2)
1 creature vanquished.

Vanquished Creatures (others)
  A cyclops (D:7)
  A black mamba (Lair:2)
  An ice beast (D:6)
  A centaur (D:7)
  A necrophage (D:6)
  19 jellies
  An orc priest (D:7)
  A hound (D:6)
  An orc wizard (D:5)
  A gnoll (D:5)
  An ufetubus (D:6)
  2 orcs (D:8)
  8 fungi
  39 plants
  6 withered plants (D:4)
84 creatures vanquished.

Grand Total: 370 creatures vanquished

Notes
Turn   | Place    | Note
-------+----------+-------------------------------------------
     0 | D:1      | theswoord the Demonspawn Gladiator began the quest for the
                  | Orb.
     0 | D:1      | Reached XP level 1. HP: 16/16 MP: 1/1
    53 | D:1      | Reached skill level 3 in Maces & Flails
    63 | D:1      | Gained mutation: You have sharp fingernails. [demonic
                  | ancestry]
    63 | D:1      | Reached XP level 2. HP: 6/22 MP: 2/2
   504 | D:1      | Gained mutation: Your movements are slightly less
                  | encumbered by armour. (ER -2) [demonic ancestry]
   504 | D:1      | Reached XP level 3. HP: 24/27 MP: 3/3
   658 | D:2      | Got Zihe's Teachings on Scintillating Pyromancy
   680 | D:2      | Reached skill level 4 in Maces & Flails
   908 | D:2      | Gained mutation: You are partially covered in sharp spines.
                  | [demonic ancestry]
   908 | D:2      | Reached XP level 4. HP: 32/33 MP: 4/4
  1673 | D:3      | Noticed Ijyb
  1685 | D:3      | Killed Ijyb
  1686 | D:3      | Reached skill level 5 in Maces & Flails
  1934 | D:3      | Gained mutation: Your movements are less encumbered by
                  | armour. (ER -4) [demonic ancestry]
  1934 | D:3      | Reached XP level 5. HP: 38/38 MP: 5/5
  2123 | D:3      | Noticed Sigmund
  2145 | D:3      | Killed Sigmund
  2146 | D:3      | Reached skill level 6 in Maces & Flails
  2146 | D:3      | Reached XP level 6. HP: 30/44 MP: 6/6
  2390 | D:3      | Found a snail-covered altar of Cheibriados.
  2393 | D:3      | Found a shimmering altar of Xom.
  2397 | D:3      | Found a sparkling altar of Nemelex Xobeh.
  2529 | D:4      | Found a runed translucent gate.
  2530 | D:4      | Found a runed translucent gate.
  2530 | D:4      | Found a runed translucent gate.
  2532 | D:4      | Noticed caveywoolpert's ghost (amateur DsEE)
  2532 | D:4      | Noticed Anon1729's ghost (weakling MiMo)
  2609 | D:4      | Reached skill level 7 in Maces & Flails
  2740 | D:4      | Gained mutation: You regenerate a little health from kills.
                  | [demonic ancestry]
  2740 | D:4      | Reached XP level 7. HP: 28/50 MP: 7/7
  3283 | D:5      | Entered Level 5 of the Dungeon
  3340 | D:5      | Reached skill level 8 in Maces & Flails
  3485 | D:5      | Found a glowing drain.
  3510 | Sewer    | Entered a sewer
  3639 | Sewer    | Found a viscous altar of Jiyva.
  3746 | Sewer    | Became a worshipper of Jiyva Jageixin the Shapeless
  3762 | D:5      | Identified a scroll of acquirement
  3762 | D:5      | Acquired the amulet of Qaikhot {Reflect +Inv rN+ Dex+4
                  | SH+5}
  4025 | D:5      | Reached skill level 9 in Maces & Flails
  4025 | D:5      | Reached XP level 8. HP: 38/56 MP: 8/8
  4099 | D:5      | Noticed Pikel
  4119 | D:5      | Killed Pikel
  4120 | D:5      | Reached skill level 10 in Maces & Flails
  4356 | D:5      | Identified the +1 robe "Tuogys" {Will+ Regen+ MP+9}
  4365 | D:5      | Found a staircase to the Ecumenical Temple.
  4365 | D:5      | Reached * piety under Jiyva
  4591 | D:6      | Found a bloodstained altar of Trog.
  4620 | D:6      | Reached skill level 11 in Maces & Flails
  4684 | D:6      | Gained mutation: You are mostly covered in sharp spines.
                  | [demonic ancestry]
  4684 | D:6      | Reached XP level 9. HP: 41/61 MP: 9/9
  4787 | D:6      | HP: 1/61 [steam dragon] (6)]
  5235 | D:7      | Reached ** piety under Jiyva
  5373 | D:7      | Killed a cyclops
  5518 | D:7      | Noticed a deep elf pyromancer
  5531 | D:7      | Killed a deep elf pyromancer
  5532 | D:7      | Reached skill level 12 in Maces & Flails
  5981 | D:7      | Reached skill level 1 in Armour
  6011 | D:7      | Found a runed translucent door.
  6012 | D:7      | Noticed Crazy Yiuf
  6468 | D:8      | Found a staircase to the Lair.
  6482 | D:8      | Reached *** piety under Jiyva
  6488 | D:8      | Found a shadowy altar of Dithmenos.
  6538 | D:8      | Gained mutation: You have very sharp fingernails. [demonic
                  | ancestry]
  6538 | D:8      | Reached XP level 10. HP: 70/70 MP: 10/10
  6694 | D:8      | Got the Volume of Amassed Reconstruction
  6814 | D:8      | Gained mutation: Your muscles are strong. (Str +4, Int/Dex
                  | -1) [Jiyva's grace]
  6814 | D:8      | Gained mutation: Your muscles are very strong. (Str +8,
                  | Int/Dex -2) [Jiyva's grace]
  6814 | D:8      | Gained mutation: You are resistant to electric shocks.
                  | (rElec) [Jiyva's grace]
  6814 | D:8      | Gained mutation: Armour fits poorly on your pseudopods.
                  | [Jiyva's grace]
  6927 | Lair:1   | Entered Level 1 of the Lair of Beasts
  6957 | Lair:1   | Reached **** piety under Jiyva
  7008 | Lair:1   | Noticed a cane toad
  7010 | Lair:1   | Noticed a death yak
  7016 | Lair:1   | Killed a cane toad
  7017 | Lair:1   | Reached skill level 13 in Maces & Flails
  7021 | Lair:1   | Noticed a death yak
  7021 | Lair:1   | Noticed a death yak
  7025 | Lair:1   | Noticed a death yak
  7027 | Lair:1   | Noticed a death yak
  7052 | Lair:1   | Killed a death yak
  7062 | Lair:1   | Killed a death yak
  7075 | Lair:1   | Killed a death yak
  7082 | Lair:1   | Killed a death yak
  7083 | Lair:1   | Reached skill level 5 in Fighting
  7083 | Lair:1   | Reached skill level 5 in Dodging
  7084 | Lair:1   | Killed a death yak
  7198 | Lair:1   | Gained mutation: Your movements are significantly less
                  | encumbered by armour. (ER -6) [demonic ancestry]
  7198 | Lair:1   | Reached XP level 11. HP: 80/80 MP: 11/11
  7233 | Lair:1   | Noticed Gastronok
  7248 | Lair:1   | HP: 4/80 [komodo dragon (20)]
  7284 | Lair:1   | Killed Gastronok
  7351 | Lair:1   | Identified the +8 long sword of Offence {flame, *Rage *Slow
                  | rF++ Str+2}
  7361 | Lair:1   | Noticed Harold
  7381 | Lair:1   | Killed Harold
  7382 | Lair:1   | Reached skill level 14 in Maces & Flails
  7424 | Lair:1   | Noticed Maggie
  7435 | Lair:1   | Reached skill level 5 in Armour
  7480 | Lair:1   | Killed Maggie
  7636 | Lair:1   | Reached ***** piety under Jiyva
  8048 | Lair:2   | Found a transporter.
  8056 | Lair:2   | Noticed a death yak
  8057 | Lair:2   | Found a transporter.
  8057 | Lair:2   | Noticed funaii's ghost (journeyman MiBe)
  8058 | Lair:2   | Noticed a seven-headed hydra
  8063 | Lair:2   | Lost mutation: You are resistant to electric shocks.
                  | (rElec) [Jiyva's grace]
  8063 | Lair:2   | Lost mutation: Your muscles are very strong. (Str +8,
                  | Int/Dex -2) [Jiyva's grace]
  8063 | Lair:2   | Lost mutation: Armour fits poorly on your pseudopods.
                  | [Jiyva's grace]
  8063 | Lair:2   | Gained mutation: You are robust. (+10% HP) [Jiyva's grace]
  8063 | Lair:2   | Gained mutation: You are very robust. (+20% HP) [Jiyva's
                  | grace]
  8063 | Lair:2   | Gained mutation: You are extremely robust. (+30% HP)
                  | [Jiyva's grace]
  8063 | Lair:2   | Gained mutation: You have acidic saliva. [Jiyva's grace]
  8207 | Lair:2   | Found a staircase to the Shoals.
  8219 | Lair:2   | Noticed a four-headed hydra
  8244 | Lair:2   | Killed a four-headed hydra
  8358 | Lair:2   | Noticed a five-headed hydra
  8369 | Lair:2   | Killed a five-headed hydra
  8446 | Lair:2   | Noticed a death yak
  8446 | Lair:2   | Noticed a death yak
  8447 | Lair:2   | Noticed a death yak
  8448 | Lair:2   | Noticed a death yak
  8449 | Lair:2   | Noticed a death yak
  8489 | Lair:2   | Killed a death yak
  8502 | Lair:2   | Killed a death yak
  8503 | Lair:2   | Gained mutation: You have claws for hands. [demonic
                  | ancestry]
  8503 | Lair:2   | Reached XP level 12. HP: 119/119 MP: 12/12
  8514 | Lair:2   | Killed a death yak
  8524 | Lair:2   | Killed a death yak
  8537 | Lair:2   | Killed a death yak
  8770 | Lair:2   | Noticed a seven-headed hydra
  8780 | Lair:2   | Killed a seven-headed hydra
  9056 | Lair:3   | Noticed Rupert
  9061 | Lair:3   | Paralysed by Rupert for 2 turns
  9075 | Lair:3   | Paralysed by Rupert for 3 turns
  9080 | Lair:3   | HP: 6/122 [Rupert/+2 great sword of freezing (38)]
  9080 | Lair:3   | Mangled by Rupert

Skill      XL: |  1  2  3  4  5  6  7  8  9 10 11 12 |
---------------+-------------------------------------+-----
Maces & Flails | 3 4 5 6 7 9 11 12 13 14 | 14.0
Armour         | 2 4 6 7 |  7.5
Dodging        | 3 5 7 8 |  8.0
Fighting       | 3 5 7 8 |  8.4
Throwing       | |  1.7

Action                     |  1- 3 |  4- 6 |  7- 9 | 10-12 || total
---------------------------+-------+-------+-------+-------++-------
  Melee: Flail             |   124 |   137 |   333 |   448 ||  1042
         Punch             |       |     1 |     9 |    11 ||    21
         Pseudopods        |       |       |       |    48 ||    48
         Bite              |       |       |       |    37 ||    37
  Throw: Throwing net      |       |     1 |     3 |     1 ||     5
         Javelin           |       |       |       |     3 ||     3
    Use: Scroll            |     6 |     3 |    12 |     3 ||    24
         Potion            |       |       |     1 |     8 ||     9
   Stab: Distracted        |       |     1 |       |       ||     1
         Held in net/web   |       |       |     3 |       ||     3
         Invisible         |       |       |       |     3 ||     3
         Sleeping          |       |       |       |     1 ||     1
 Armour: Leather armour    |    16 |       |       |       ||    16
         Scale mail        |    49 |    58 |   107 |   113 ||   327
         Skin              |       |       |       |    15 ||    15
  Dodge: Dodged            |    95 |    85 |   158 |   226 ||   564
  Block: Other             |       |       |    60 |    83 ||   143

Levels and vault maps discovered:
D:1:      minmay_arrival_three_doors, layout_basic
D:2:      layout_rooms, minmay_small_reverse_x
D:3:      kennysheep_big_flooded_room, layout_basic, old_standard_altar,
          grunt_temple_overflow_diamond, hangedman_glass_teeth, uniq_ijyb,
          uniq_sigmund
D:4:      layout_cave_pools, gammafunk_ghost_cemetery, serial_rivers,
          chequers_serial_rivers_room_a, chequers_serial_rivers_marsh,
          chequers_serial_rivers_large_a, chequers_serial_rivers_small_b,
          chequers_serial_rivers_micro_e, serial_bayou_ford_a,
          corexii_checkpoint_a
D:5:      layout_basic, minmay_temple_entry_hall, portal_sewer_entry_c,
          uniq_pikel
D:6:      layout_basic, trog_ov_bears_minmay
D:7:      statuecave_lemuel, layout_basic, enter_ossuary_3, kb_rosetta,
          uniq_crazy_yiuf_cottage
D:8:      layout_rooms, mainiacjoe_overflow_brackets, lair_entry_dummy
Lair:1:   layout_hall_layers, special_room [special_room_bee], serial_forest,
          infiniplex_forest_lined_1, infiniplex_forest_straight_4,
          infiniplex_forest_fountain, infiniplex_forest_clump_small,
          infiniplex_forest_clump_diagonal, infiniplex_forest_straight_1,
          infiniplex_forest_zigzag_1, infiniplex_forest_lined_corner,
          serial_bayou_shore_b, grunt_megastairs_1, uniq_gastronok, uniq_maggie,
          uniq_harold
Lair:2:   layout_cave_shapes, shoals_dummy_entry, gammafunk_ghost_arena,
          nicolae_quartered_pool_super, evilmike_ambush
          [evilmike_ambush_outer_corners, evilmike_ambush_inner_pond]
Lair:3:   dragon1_lemuel, layout_gridlike, dummy_spider_entry,
          grunt_megastairs_3, uniq_rupert
